Oilers vs Sharks

Created - September 15 2007 at 12:23

Simulating a Pre-Season

Goals
1 2 3 OT1 SO T
Oilers 1 0 0 0 2 2
Sharks 0 1 0 0 0 1
Shots
1 2 3 OT1 SO T
Oilers 8 3 11 1 3 23
Sharks 5 8 5 3 2 21

Period #1

1. Oilers , Daniel Alfredsson 3 (Jarret Stoll) at 4:53

Penalities :
Markus Naslund (SJS) for Hooking (Minor) at 0:23, Jarret Stoll (EDM) for Tripping (Minor) at 0:23, Matt Greene (EDM) for Holding (Minor) at 3:07, Jonathan Cheechoo (SJS) for Delaying the game (Minor) at 4:39, Joe Thornton (SJS) for Hooking (Minor) at 5:51, Joe Thornton (SJS) for Hooking (Minor) at 19:47

Period #2

2. Sharks , Ville Peltonen 3 (Stu Barnes, Dustin Brown) at 19:56

Penalities :
Dustin Brown (SJS) for Hooking (Minor) at 5:32, Nicklas Lidstrom (EDM) for High sticking (Minor) at 8:52

Period #3

No Goal

Penalities :
Ales Hemsky (EDM) for Roughing (Minor) at 3:19, Sergei Gonchar (SJS) for Slashing (Minor) at 5:33, Stu Barnes (SJS) for High sticking (Minor) at 7:35, Barret Jackman (SJS) for Fighting (Major) at 11:11, Matt Greene (EDM) for Fighting (Major) at 11:11, Radek Dvorak (EDM) for Holding (Minor) at 12:45, Marc-Edouard Vlasic (SJS) for High sticking (Minor) at 14:06, Ville Peltonen (SJS) for Roughing (Minor) at 16:08, Dustin Brown (SJS) for Holding (Minor) at 18:16

Overtime #1

No Goal

Penalities :
No Penalty

Shootout

Penalty Shot by Daniel Alfredsson for Oilers - Goal!
Penalty Shot by Joe Thornton for Sharks - Stopped by Dwayne Roloson
Penalty Shot by Ryan Johnson for Oilers - Shot Misses the Net
Penalty Shot by Sidney Crosby for Sharks - Stopped by Dwayne Roloson
Penalty Shot by Jarret Stoll for Oilers - Goal!

Penalities :
No Penalty

Goalie Stats

Dwayne Roloson (EDM), 20 saves from 21 shots - (0.952), W, 4-1-0, 65:00 minutes
Cristobal Huet (SJS), 22 saves from 23 shots - (0.957), OTL, 0-0-2, 65:00 minutes

Players Stats

Oilers
Player Name              G  A  P  +/- PIM S  H  SB FO MP 
-----------------------------------------------------------
Ales Hemsky              0  0  0   0  2   2  0  0  2  20 
Daniel Alfredsson        1  0  1   1  0   6  0  0  2  20 
Daniel Tjarnqvist        0  0  0   0  0   2  2  0  0  23 
Fernando Pisani          0  0  0   0  0   0  1  0  0  11 
Jarret Stoll             0  1  1   1  2   1  1  0  20 20 
Ladislav Smid            0  0  0  -1  0   0  1  0  0  17 
Marty Reasoner           0  0  0   0  0   0  1  0  5  12 
Matt Greene              0  0  0  -1  7   0  0  1  0  20 
Nicklas Lidstrom         0  0  0   1  2   0  2  0  0  25 
Patrick Thoresen         0  0  0   0  0   0  0  0  0  5  
Petr Sykora              0  0  0  -1  0   3  0  0  2  16 
Radek Dvorak             0  0  0   0  2   0  0  0  0  6  
Raffi Torres             0  0  0  -1  0   2  1  0  2  21 
Ryan Johnson             0  0  0  -1  0   0  0  0  19 23 
Ryan Smyth               0  0  0   0  0   1  1  0  1  19 
Shawn Horcoff            0  0  0   0  0   4  1  0  23 25 
Steve Staios             0  0  0   0  0   1  2  1  0  23 
Tom Gilbert              0  0  0   1  0   1  0  0  0  21 
Sharks
Player Name              G  A  P  +/- PIM S  H  SB FO MP 
-----------------------------------------------------------
Alyn Mccauley            0  0  0   0  0   0  0  0  7  7  
Barret Jackman           0  0  0   0  5   2  2  0  0  23 
Christian Ehrhoff        0  0  0   1  0   0  0  0  0  19 
Colby Armstrong          0  0  0   0  0   1  0  0  0  4  
Corey Perry              0  0  0   0  0   0  2  0  2  10 
Dustin Brown             0  1  1   1  4   1  5  0  1  17 
Joe Thornton             0  0  0  -1  4   3  4  0  29 22 
Jonathan Cheechoo        0  0  0   0  2   5  5  0  1  17 
Kyle Mclaren             0  0  0   1  0   0  0  0  0  15 
Marc-Edouard Vlasic      0  0  0   0  2   0  0  1  0  7  
Markus Naslund           0  0  0   0  2   1  1  0  11 25 
Milan Michalek           0  0  0   0  0   1  2  0  0  24 
Scott Hannan             0  0  0   0  0   1  1  0  0  23 
Sergei Gonchar           0  0  0  -1  2   0  1  0  0  26 
Sidney Crosby            0  0  0  -1  0   1  0  0  11 23 
Stu Barnes               0  1  1   1  2   0  0  0  14 15 
Teppo Numminen           0  0  0  -1  0   0  1  7  0  23 
Ville Peltonen           1  0  1   1  2   5  0  1  0  15 

3 Stars

1 - Cristobal Huet (SJS)
2 - Dwayne Roloson (EDM)
3 - Dustin Brown (SJS)

Power Play

Oilers - 0 on 9 Attempt(s) - 0.00%
Sharks - 0 on 4 Attempt(s) - 0.00%

Penalty Kill

Oilers - 4 on 4 Attempt(s) - 100.00% - Score 0 goal in Penalty Kill
Sharks - 9 on 9 Attempt(s) - 100.00% - Score 0 goal in Penalty Kill

Game Notes

Barret Jackman and Matt Greene fight to a draw at 11:11 of 3rd period
Ryan Smyth is injured at 12:19 of 3rd period (Thigh)

Play by Play

Period #1

0:01 of 1st period - Joe Thornton wins face-off versus Jarret Stoll in neutral zone.
0:01 of 1st period - Joe Thornton is hit by Ryan Smyth.
0:22 of 1st period - Icing by Nicklas Lidstrom.
0:23 of 1st period - Corey Perry wins face-off versus Jarret Stoll in Oilers zone.
0:23 of 1st period - Minor Penalty to Markus Naslund for Hooking.
0:23 of 1st period - Minor Penalty to Jarret Stoll for Tripping.
0:24 of 1st period - Ryan Smyth wins face-off versus Joe Thornton in Oilers zone.
0:24 of 1st period - Steve Staios is hit by Joe Thornton and loses puck.
1:00 of 1st period - Joe Thornton is hit by Daniel Tjarnqvist and loses puck.
1:24 of 1st period - Sidney Crosby is hit by Nicklas Lidstrom and loses puck.
1:35 of 1st period - Shot by Jonathan Cheechoo.
1:35 of 1st period - Shot Misses the Net.
1:51 of 1st period - Shot by Tom Gilbert.
1:51 of 1st period - Stopped by Cristobal Huet without a rebound.
1:52 of 1st period - Ales Hemsky wins face-off versus Alyn Mccauley in Sharks zone.
2:04 of 1st period - Daniel Alfredsson is hit by Barret Jackman and loses puck.
2:46 of 1st period - Shot by Petr Sykora.
2:46 of 1st period - Shot Misses the Net.
2:50 of 1st period - Shot by Raffi Torres.
2:50 of 1st period - Shot Misses the Net.
3:07 of 1st period - Minor Penalty to Matt Greene for Holding.
3:08 of 1st period - Jarret Stoll wins face-off versus Joe Thornton in Oilers zone.
3:29 of 1st period - Shot by Teppo Numminen.
3:29 of 1st period - Shot Misses the Net.
3:33 of 1st period - Shot by Markus Naslund.
3:33 of 1st period - Shot Misses the Net.
3:35 of 1st period - Shot by Markus Naslund.
3:35 of 1st period - Shot Misses the Net.
3:39 of 1st period - Shot by Jonathan Cheechoo.
3:39 of 1st period - Stopped by Dwayne Roloson without a rebound.
3:40 of 1st period - Ryan Johnson wins face-off versus Sidney Crosby in Oilers zone.
3:40 of 1st period - Ryan Johnson is hit by Dustin Brown.
4:12 of 1st period - Shot by Scott Hannan.
4:12 of 1st period - Shot Misses the Net.
4:14 of 1st period - Shot by Milan Michalek.
4:14 of 1st period - Shot Misses the Net.
4:16 of 1st period - Shot by Barret Jackman.
4:16 of 1st period - Stopped by Dwayne Roloson without a rebound.
4:17 of 1st period - Jarret Stoll wins face-off versus Joe Thornton in Oilers zone.
4:17 of 1st period - Jarret Stoll is hit by Jonathan Cheechoo.
4:26 of 1st period - Off-side.
4:27 of 1st period - Joe Thornton wins face-off versus Shawn Horcoff in neutral zone.
4:39 of 1st period - Minor Penalty to Jonathan Cheechoo for Delaying the game.
4:40 of 1st period - Jarret Stoll wins face-off versus Joe Thornton in Sharks zone.
4:47 of 1st period - Shot by Daniel Alfredsson.
4:47 of 1st period - Shot Misses the Net.
4:49 of 1st period - Shot by Daniel Alfredsson.
4:49 of 1st period - Stopped by Cristobal Huet with a rebound.
4:53 of 1st period - Shot by Daniel Alfredsson.
4:53 of 1st period - Goal by Daniel Alfredsson - Oilers : 1 - Sharks : 0.
4:54 of 1st period - Shawn Horcoff wins face-off versus Markus Naslund in neutral zone.
5:51 of 1st period - Minor Penalty to Joe Thornton for Hooking.
5:52 of 1st period - Shawn Horcoff wins face-off versus Sidney Crosby in Sharks zone.
6:09 of 1st period - Shot by Ales Hemsky.
6:09 of 1st period - Shot Blocked by Teppo Numminen.
6:11 of 1st period - Shot by Shawn Horcoff.
6:11 of 1st period - Stopped by Cristobal Huet without a rebound.
6:12 of 1st period - Ryan Johnson wins face-off versus Sidney Crosby in Sharks zone.
8:14 of 1st period - Dustin Brown is hit by Raffi Torres and loses puck.
8:21 of 1st period - Shot by Raffi Torres.
8:21 of 1st period - Stopped by Cristobal Huet with a rebound.
8:48 of 1st period - Sergei Gonchar is hit by Nicklas Lidstrom and loses puck.
9:27 of 1st period - Shot by Shawn Horcoff.
9:27 of 1st period - Stopped by Cristobal Huet without a rebound.
9:28 of 1st period - Joe Thornton wins face-off versus Ryan Johnson in Sharks zone.
9:43 of 1st period - Shot by Joe Thornton.
9:43 of 1st period - Shot Misses the Net.
10:11 of 1st period - Shot by Fernando Pisani.
10:11 of 1st period - Shot Misses the Net.
11:31 of 1st period - Shot by Sidney Crosby.
11:31 of 1st period - Stopped by Dwayne Roloson without a rebound.
11:32 of 1st period - Ryan Johnson wins face-off versus Alyn Mccauley in Oilers zone.
11:41 of 1st period - Off-side.
11:42 of 1st period - Joe Thornton wins face-off versus Jarret Stoll in neutral zone.
11:45 of 1st period - Steve Staios is hit by Jonathan Cheechoo and loses puck.
11:56 of 1st period - Shot by Daniel Alfredsson.
11:56 of 1st period - Shot Misses the Net.
11:58 of 1st period - Shot by Ryan Smyth.
11:58 of 1st period - Stopped by Cristobal Huet without a rebound.
11:59 of 1st period - Alyn Mccauley wins face-off versus Ryan Johnson in Sharks zone.
13:04 of 1st period - Icing by Stu Barnes.
13:05 of 1st period - Stu Barnes wins face-off versus Jarret Stoll in Sharks zone.
14:21 of 1st period - Shot by Markus Naslund.
14:21 of 1st period - Shot Misses the Net.
14:38 of 1st period - Shawn Horcoff is hit by Joe Thornton and loses puck.
14:56 of 1st period - Icing by Marty Reasoner.
14:57 of 1st period - Shawn Horcoff wins face-off versus Alyn Mccauley in Oilers zone.
15:12 of 1st period - Shot by Raffi Torres.
15:12 of 1st period - Deflect By Petr Sykora.
15:12 of 1st period - Stopped by Cristobal Huet without a rebound.
15:13 of 1st period - Ryan Johnson wins face-off versus Stu Barnes in Sharks zone.
15:25 of 1st period - Off-side.
15:26 of 1st period - Joe Thornton wins face-off versus Ryan Johnson in neutral zone.
15:52 of 1st period - Icing by Matt Greene.
15:53 of 1st period - Stu Barnes wins face-off versus Ryan Johnson in Oilers zone.
16:03 of 1st period - Icing by Matt Greene.
16:04 of 1st period - Markus Naslund wins face-off versus Ryan Johnson in Oilers zone.
16:37 of 1st period - Shot by Markus Naslund.
16:37 of 1st period - Shot Blocked by Steve Staios.
16:39 of 1st period - Shot by Barret Jackman.
16:39 of 1st period - Stopped by Dwayne Roloson without a rebound.
16:40 of 1st period - Marty Reasoner wins face-off versus Stu Barnes in Oilers zone.
16:40 of 1st period - Marty Reasoner is hit by Dustin Brown.
16:48 of 1st period - Shot by Stu Barnes.
16:48 of 1st period - Shot Misses the Net.
17:06 of 1st period - Shot by Dustin Brown.
17:06 of 1st period - Deflect By Ville Peltonen.
17:06 of 1st period - Shot Misses the Net.
17:08 of 1st period - Shot by Ville Peltonen.
17:08 of 1st period - Shot Misses the Net.
18:03 of 1st period - Shot by Joe Thornton.
18:03 of 1st period - Stopped by Dwayne Roloson without a rebound.
18:04 of 1st period - Sidney Crosby wins face-off versus Shawn Horcoff in Oilers zone.
19:01 of 1st period - Sergei Gonchar is hit by Shawn Horcoff and loses puck.
19:19 of 1st period - Petr Sykora is hit by Jonathan Cheechoo and loses puck.
19:34 of 1st period - Shot by Raffi Torres.
19:34 of 1st period - Shot Blocked by Teppo Numminen.
19:41 of 1st period - Raffi Torres is hit by Joe Thornton and loses puck.
19:47 of 1st period - Minor Penalty to Joe Thornton for Hooking.
19:48 of 1st period - Jarret Stoll wins face-off versus Markus Naslund in Sharks zone.

Period #2

0:01 of 2nd period - Jarret Stoll wins face-off versus Markus Naslund in neutral zone.
3:46 of 2nd period - Shawn Horcoff is hit by Jonathan Cheechoo and loses puck.
4:07 of 2nd period - Shot by Joe Thornton.
4:07 of 2nd period - Stopped by Dwayne Roloson with a rebound.
4:54 of 2nd period - Daniel Alfredsson is hit by Dustin Brown and loses puck.
5:05 of 2nd period - Shot by Ville Peltonen.
5:05 of 2nd period - Shot Misses the Net.
5:32 of 2nd period - Minor Penalty to Dustin Brown for Hooking.
5:33 of 2nd period - Markus Naslund wins face-off versus Shawn Horcoff in neutral zone.
5:53 of 2nd period - Icing by Shawn Horcoff.
5:54 of 2nd period - Markus Naslund wins face-off versus Raffi Torres in Oilers zone.
5:55 of 2nd period - Shot by Milan Michalek.
5:55 of 2nd period - Shot Misses the Net.
7:45 of 2nd period - Shot by Ville Peltonen.
7:45 of 2nd period - Shot Misses the Net.
7:47 of 2nd period - Shot by Ville Peltonen.
7:47 of 2nd period - Stopped by Dwayne Roloson without a rebound.
7:48 of 2nd period - Ryan Johnson wins face-off versus Sidney Crosby in Oilers zone.
8:08 of 2nd period - Icing by Ryan Johnson.
8:09 of 2nd period - Ryan Johnson wins face-off versus Stu Barnes in Oilers zone.
8:46 of 2nd period - Shot by Ville Peltonen.
8:46 of 2nd period - Stopped by Dwayne Roloson without a rebound.
8:47 of 2nd period - Alyn Mccauley wins face-off versus Jarret Stoll in Oilers zone.
8:47 of 2nd period - Alyn Mccauley is hit by Jarret Stoll.
8:52 of 2nd period - Minor Penalty to Nicklas Lidstrom for High sticking.
8:53 of 2nd period - Joe Thornton wins face-off versus Daniel Alfredsson in Oilers zone.
9:52 of 2nd period - Shot by Dustin Brown.
9:52 of 2nd period - Shot Misses the Net.
9:56 of 2nd period - Shot by Milan Michalek.
9:56 of 2nd period - Shot Misses the Net.
9:58 of 2nd period - Shot by Scott Hannan.
9:58 of 2nd period - Shot Misses the Net.
10:00 of 2nd period - Shot by Scott Hannan.
10:00 of 2nd period - Stopped by Dwayne Roloson without a rebound.
10:01 of 2nd period - Sidney Crosby wins face-off versus Jarret Stoll in Oilers zone.
10:18 of 2nd period - Daniel Tjarnqvist is hit by Dustin Brown and loses puck.
11:27 of 2nd period - Shot by Jonathan Cheechoo.
11:27 of 2nd period - Stopped by Dwayne Roloson without a rebound.
11:28 of 2nd period - Shawn Horcoff wins face-off versus Alyn Mccauley in Oilers zone.
12:11 of 2nd period - Icing by Tom Gilbert.
12:12 of 2nd period - Stu Barnes wins face-off versus Shawn Horcoff in Oilers zone.
12:17 of 2nd period - Shot by Ville Peltonen.
12:17 of 2nd period - Stopped by Dwayne Roloson with a rebound.
12:24 of 2nd period - Off-side.
12:25 of 2nd period - Sidney Crosby wins face-off versus Jarret Stoll in neutral zone.
13:22 of 2nd period - Raffi Torres is hit by Corey Perry and loses puck.
13:48 of 2nd period - Raffi Torres is hit by Markus Naslund and loses puck.
14:24 of 2nd period - Shot by Ryan Smyth.
14:24 of 2nd period - Shot Misses the Net.
14:48 of 2nd period - Shot by Ales Hemsky.
14:48 of 2nd period - Stopped by Cristobal Huet without a rebound.
14:49 of 2nd period - Petr Sykora wins face-off versus Stu Barnes in Sharks zone.
15:23 of 2nd period - Shot by Dustin Brown.
15:23 of 2nd period - Deflect By Stu Barnes.
15:23 of 2nd period - Shot Misses the Net.
16:36 of 2nd period - Shot by Daniel Alfredsson.
16:36 of 2nd period - Stopped by Cristobal Huet with a rebound.
16:51 of 2nd period - Icing by Jonathan Cheechoo.
16:52 of 2nd period - Joe Thornton wins face-off versus Marty Reasoner in Sharks zone.
17:31 of 2nd period - Icing by Ville Peltonen.
17:32 of 2nd period - Stu Barnes wins face-off versus Ryan Johnson in Sharks zone.
18:29 of 2nd period - Icing by Daniel Tjarnqvist.
18:30 of 2nd period - Markus Naslund wins face-off versus Shawn Horcoff in Oilers zone.
18:30 of 2nd period - Markus Naslund is hit by Fernando Pisani.
18:56 of 2nd period - Shot by Sidney Crosby.
18:56 of 2nd period - Shot Misses the Net.
18:58 of 2nd period - Shot by Corey Perry.
18:58 of 2nd period - Shot Misses the Net.
19:12 of 2nd period - Shot by Dustin Brown.
19:12 of 2nd period - Stopped by Dwayne Roloson without a rebound.
19:13 of 2nd period - Jarret Stoll wins face-off versus Joe Thornton in Oilers zone.
19:26 of 2nd period - Shot by Jarret Stoll.
19:26 of 2nd period - Stopped by Cristobal Huet without a rebound.
19:27 of 2nd period - Ryan Johnson wins face-off versus Stu Barnes in Sharks zone.
19:54 of 2nd period - Shot by Stu Barnes.
19:54 of 2nd period - Shot Blocked by Matt Greene.
19:56 of 2nd period - Shot by Ville Peltonen.
19:56 of 2nd period - Goal by Ville Peltonen - Oilers : 1 - Sharks : 1.
19:57 of 2nd period - Joe Thornton wins face-off versus Jarret Stoll in neutral zone.

Period #3

0:01 of 3rd period - Joe Thornton wins face-off versus Jarret Stoll in neutral zone.
0:08 of 3rd period - Shot by Jonathan Cheechoo.
0:08 of 3rd period - Stopped by Dwayne Roloson without a rebound.
0:09 of 3rd period - Shawn Horcoff wins face-off versus Sidney Crosby in Oilers zone.
0:13 of 3rd period - Fernando Pisani is hit by Corey Perry and loses puck.
0:35 of 3rd period - Icing by Shawn Horcoff.
0:36 of 3rd period - Joe Thornton wins face-off versus Shawn Horcoff in Oilers zone.
1:24 of 3rd period - Icing by Teppo Numminen.
1:25 of 3rd period - Joe Thornton wins face-off versus Ryan Johnson in Sharks zone.
1:25 of 3rd period - Sergei Gonchar is hit by Ladislav Smid and loses puck.
1:53 of 3rd period - Icing by Ladislav Smid.
1:54 of 3rd period - Stu Barnes wins face-off versus Petr Sykora in Oilers zone.
1:58 of 3rd period - Icing by Ladislav Smid.
1:59 of 3rd period - Stu Barnes wins face-off versus Raffi Torres in Oilers zone.
2:00 of 3rd period - Shot by Dustin Brown.
2:00 of 3rd period - Shot Hit the Post.
2:54 of 3rd period - Shot by Daniel Alfredsson.
2:54 of 3rd period - Shot Misses the Net.
2:56 of 3rd period - Shot by Daniel Alfredsson.
2:56 of 3rd period - Shot Blocked by Ville Peltonen.
2:58 of 3rd period - Shot by Daniel Alfredsson.
2:58 of 3rd period - Stopped by Cristobal Huet without a rebound.
2:59 of 3rd period - Shawn Horcoff wins face-off versus Corey Perry in Sharks zone.
3:19 of 3rd period - Minor Penalty to Ales Hemsky for Roughing.
3:20 of 3rd period - Ryan Johnson wins face-off versus Joe Thornton in Oilers zone.
3:29 of 3rd period - Shot by Markus Naslund.
3:29 of 3rd period - Stopped by Dwayne Roloson with a rebound.
3:33 of 3rd period - Shot by Jonathan Cheechoo.
3:33 of 3rd period - Shot Misses the Net.
3:37 of 3rd period - Shot by Joe Thornton.
3:37 of 3rd period - Deflect By Jonathan Cheechoo.
3:37 of 3rd period - Stopped by Dwayne Roloson with a rebound.
3:51 of 3rd period - Shot by Jonathan Cheechoo.
3:51 of 3rd period - Stopped by Dwayne Roloson without a rebound.
3:52 of 3rd period - Jarret Stoll wins face-off versus Sidney Crosby in Oilers zone.
4:01 of 3rd period - Matt Greene is hit by Dustin Brown and loses puck.
4:47 of 3rd period - Sidney Crosby is hit by Steve Staios and loses puck.
5:33 of 3rd period - Minor Penalty to Sergei Gonchar for Slashing.
5:34 of 3rd period - Ales Hemsky wins face-off versus Joe Thornton in Sharks zone.
5:37 of 3rd period - Shot by Ryan Smyth.
5:37 of 3rd period - Deflect By Daniel Alfredsson.
5:37 of 3rd period - Shot Misses the Net.
5:39 of 3rd period - Shot by Tom Gilbert.
5:39 of 3rd period - Shot Misses the Net.
5:41 of 3rd period - Shot by Ryan Smyth.
5:41 of 3rd period - Shot Blocked by Teppo Numminen.
5:43 of 3rd period - Shot by Nicklas Lidstrom.
5:43 of 3rd period - Deflect By Daniel Alfredsson.
5:43 of 3rd period - Shot Blocked by Teppo Numminen.
5:45 of 3rd period - Shot by Daniel Alfredsson.
5:45 of 3rd period - Stopped by Cristobal Huet with a rebound.
5:47 of 3rd period - Shot by Daniel Alfredsson.
5:47 of 3rd period - Deflect By Ales Hemsky.
5:47 of 3rd period - Shot Blocked by Teppo Numminen.
5:52 of 3rd period - Shot by Nicklas Lidstrom.
5:52 of 3rd period - Shot Misses the Net.
5:58 of 3rd period - Shot by Ales Hemsky.
5:58 of 3rd period - Stopped by Cristobal Huet with a rebound.
6:00 of 3rd period - Shot by Tom Gilbert.
6:00 of 3rd period - Shot Blocked by Teppo Numminen.
6:02 of 3rd period - Shot by Ryan Smyth.
6:02 of 3rd period - Deflect By Daniel Alfredsson.
6:02 of 3rd period - Stopped by Cristobal Huet without a rebound.
6:03 of 3rd period - Shawn Horcoff wins face-off versus Joe Thornton in Sharks zone.
6:03 of 3rd period - Shawn Horcoff is hit by Teppo Numminen.
7:35 of 3rd period - Shot by Raffi Torres.
7:35 of 3rd period - Stopped by Cristobal Huet without a rebound.
7:35 of 3rd period - Minor Penalty to Stu Barnes for High sticking.
7:36 of 3rd period - Jonathan Cheechoo wins face-off versus Shawn Horcoff in Sharks zone.
7:42 of 3rd period - Icing by Jarret Stoll.
7:43 of 3rd period - Shawn Horcoff wins face-off versus Joe Thornton in Oilers zone.
8:00 of 3rd period - Shot by Ales Hemsky.
8:00 of 3rd period - Shot Misses the Net.
8:02 of 3rd period - Shot by Shawn Horcoff.
8:02 of 3rd period - Shot Misses the Net.
9:06 of 3rd period - Shot by Patrick Thoresen.
9:06 of 3rd period - Shot Misses the Net.
9:10 of 3rd period - Shot by Patrick Thoresen.
9:10 of 3rd period - Shot Misses the Net.
9:12 of 3rd period - Shot by Steve Staios.
9:12 of 3rd period - Stopped by Cristobal Huet with a rebound.
9:14 of 3rd period - Shot by Daniel Tjarnqvist.
9:14 of 3rd period - Stopped by Cristobal Huet without a rebound.
9:15 of 3rd period - Shawn Horcoff wins face-off versus Joe Thornton in Sharks zone.
9:16 of 3rd period - Shot by Ales Hemsky.
9:16 of 3rd period - Shot Blocked by Teppo Numminen.
9:18 of 3rd period - Shot by Daniel Tjarnqvist.
9:18 of 3rd period - Stopped by Cristobal Huet without a rebound.
9:19 of 3rd period - Shawn Horcoff wins face-off versus Joe Thornton in Sharks zone.
9:36 of 3rd period - Shot by Petr Sykora.
9:36 of 3rd period - Shot Misses the Net.
9:38 of 3rd period - Shot by Ryan Johnson.
9:38 of 3rd period - Shot Misses the Net.
9:42 of 3rd period - Shot by Petr Sykora.
9:42 of 3rd period - Stopped by Cristobal Huet without a rebound.
9:43 of 3rd period - Ryan Johnson wins face-off versus Dustin Brown in Sharks zone.
9:56 of 3rd period - Shot by Petr Sykora.
9:56 of 3rd period - Stopped by Cristobal Huet without a rebound.
9:57 of 3rd period - Marty Reasoner wins face-off versus Alyn Mccauley in Sharks zone.
9:58 of 3rd period - Shot by Ryan Smyth.
9:58 of 3rd period - Shot Blocked by Marc-Edouard Vlasic.
10:04 of 3rd period - Shot by Colby Armstrong.
10:04 of 3rd period - Shot Misses the Net.
10:06 of 3rd period - Shot by Colby Armstrong.
10:06 of 3rd period - Stopped by Dwayne Roloson without a rebound.
10:07 of 3rd period - Ryan Johnson wins face-off versus Stu Barnes in Oilers zone.
11:11 of 3rd period - Barret Jackman and Matt Greene fight to a draw.
11:11 of 3rd period - Penalty to Barret Jackman for Fighting.
11:11 of 3rd period - Penalty to Matt Greene for Fighting.
11:12 of 3rd period - Shawn Horcoff wins face-off versus Joe Thornton in neutral zone.
11:12 of 3rd period - Ales Hemsky is hit by Jonathan Cheechoo and loses puck.
11:34 of 3rd period - Fernando Pisani is hit by Milan Michalek and loses puck.
11:56 of 3rd period - Milan Michalek is hit by Daniel Tjarnqvist and loses puck.
12:18 of 3rd period - Ryan Smyth is hit by Milan Michalek and loses puck.
12:19 of 3rd period - Ryan Smyth from Oilers is injured at 12:19 of 3rd period (Thigh).
12:20 of 3rd period - Sidney Crosby wins face-off versus Daniel Alfredsson in Sharks zone.
12:39 of 3rd period - Corey Perry is hit by Marty Reasoner and loses puck.
12:45 of 3rd period - Minor Penalty to Radek Dvorak for Holding.
12:46 of 3rd period - Stu Barnes wins face-off versus Jarret Stoll in Sharks zone.
12:46 of 3rd period - Stu Barnes is hit by Steve Staios.
13:54 of 3rd period - Raffi Torres is hit by Scott Hannan and loses puck.
14:06 of 3rd period - Minor Penalty to Marc-Edouard Vlasic for High sticking.
14:07 of 3rd period - Joe Thornton wins face-off versus Shawn Horcoff in Sharks zone.
14:15 of 3rd period - Off-side.
14:16 of 3rd period - Shawn Horcoff wins face-off versus Markus Naslund in neutral zone.
16:08 of 3rd period - Minor Penalty to Ville Peltonen for Roughing.
16:09 of 3rd period - Ryan Johnson wins face-off versus Stu Barnes in neutral zone.
16:16 of 3rd period - Shot by Shawn Horcoff.
16:16 of 3rd period - Shot Misses the Net.
17:07 of 3rd period - Off-side.
17:08 of 3rd period - Jarret Stoll wins face-off versus Markus Naslund in neutral zone.
18:16 of 3rd period - Minor Penalty to Dustin Brown for Holding.
18:17 of 3rd period - Marty Reasoner wins face-off versus Sidney Crosby in Oilers zone.
18:17 of 3rd period - Marty Reasoner is hit by Sergei Gonchar.
19:00 of 3rd period - Shot by Shawn Horcoff.
19:00 of 3rd period - Stopped by Cristobal Huet without a rebound.
19:01 of 3rd period - Jarret Stoll wins face-off versus Markus Naslund in Sharks zone.

Overtime #1

0:01 of 1st overtime period - Joe Thornton wins face-off versus Jarret Stoll in neutral zone.
0:39 of 1st overtime period - Jarret Stoll is hit by Barret Jackman and loses puck.
0:56 of 1st overtime period - Shot by Markus Naslund.
0:56 of 1st overtime period - Shot Misses the Net.
1:00 of 1st overtime period - Shot by Milan Michalek.
1:00 of 1st overtime period - Stopped by Dwayne Roloson without a rebound.
1:01 of 1st overtime period - Joe Thornton wins face-off versus Shawn Horcoff in Oilers zone.
1:21 of 1st overtime period - Shawn Horcoff is hit by Joe Thornton and loses puck.
3:20 of 1st overtime period - Shot by Sidney Crosby.
3:20 of 1st overtime period - Deflect By Joe Thornton.
3:20 of 1st overtime period - Stopped by Dwayne Roloson without a rebound.
3:21 of 1st overtime period - Markus Naslund wins face-off versus Ryan Johnson in Oilers zone.
4:17 of 1st overtime period - Shot by Ville Peltonen.
4:17 of 1st overtime period - Stopped by Dwayne Roloson without a rebound.
4:18 of 1st overtime period - Shawn Horcoff wins face-off versus Joe Thornton in Oilers zone.
4:20 of 1st overtime period - Icing by Jarret Stoll.
4:21 of 1st overtime period - Shawn Horcoff wins face-off versus Joe Thornton in Oilers zone.
4:30 of 1st overtime period - Shot by Shawn Horcoff.
4:30 of 1st overtime period - Stopped by Cristobal Huet without a rebound.
4:31 of 1st overtime period - Joe Thornton wins face-off versus Marty Reasoner in Sharks zone.

ShootOut

ShootOut - Penalty Shot by Daniel Alfredsson for Oilers.
ShootOut - Goal by Daniel Alfredsson.
ShootOut - Penalty Shot by Joe Thornton for Sharks.
ShootOut - Stopped by Dwayne Roloson.
ShootOut - Penalty Shot by Ryan Johnson for Oilers.
ShootOut - Shot Misses the Net.
ShootOut - Penalty Shot by Sidney Crosby for Sharks.
ShootOut - Stopped by Dwayne Roloson.
ShootOut - Penalty Shot by Jarret Stoll for Oilers.
ShootOut - Goal by Jarret Stoll.


Output by the SimonT Hockey Simulator (STHS) for Stephane Roy -- Original Page W3C XHTML 1.0 Valid